 Dungeon Crawl Stone Soup version 0.23.0-3-gf3c87f2 (webtiles) character file.

Game seed: 6729231087472902564

1822 Borgoz the Sneak (level 9, -1/74 HPs)
             Began as a Ghoul Assassin on Feb 23, 2019.
             Was a Believer of Dithmenos.
             Splashed by a jelly's acid (4 damage)
             ... on level 6 of the Dungeon.
             The game lasted 00:19:10 (7637 turns).

Borgoz the Sneak (Ghoul Assassin)                   Turns: 7637, Time: 00:19:11

Health: -1/74      AC: -21   Str: 13 (15) XL:     9   Next: 10%
Magic:  17/17      EV: 14    Int:  6      God:    Dithmenos [**....]
Gold:   213        SH:  0    Dex: 11 (13) Spells: 8/8 levels left

rFire    + . .     SeeInvis .   a - +2 dagger (speed)
rCold    + + .     Gourm    .   (no shield)
rNeg     + + +     Faith    .   c - +0 robe
rPois    ∞         Spirit   .   y - +0 hat
rElec    +         Reflect  .   d - +0 cloak
rCorr    +         Harm     .   (no gloves)
MR       .....                  (no boots)
Stlth    ++++......             r - amulet of the acrobat
HPRegen  0.00/turn              l - ring of magical power
MPRegen  0.15/turn              (no ring)

@: resistant, corroded, rotting, wreathed by umbra
A: rotting body, claws 1, carnivore, cold resistance 1, negative energy
resistance 3, inhibited regeneration, torment resistance, unbreathing
a: Shadow Step, Renounce Religion


You were on level 6 of the Dungeon.
You worshipped Dithmenos.
Dithmenos was pleased with you.
You were not hungry.

You visited 2 branches of the dungeon, and saw 8 of its levels.
You also visited: Sewer.

You collected 213 gold pieces.

Inventory:

Hand Weapons
 a - a +2 dagger of speed (weapon)
 b - a +0 blowgun
Missiles
 e - 15 poisoned needles
 f - 2 curare-tipped needles
Armour
 c - a +0 robe (worn)
 d - a +0 cloak (worn)
 y - a +0 hat (worn)
Jewellery
 i - an uncursed ring of ice
 l - a ring of magical power (left claw)
 q - a +3 ring of slaying
 r - an amulet of the acrobat (around neck)
 B - an uncursed ring of fire
Scrolls
 h - 3 scrolls of remove curse
 k - a scroll of teleportation
 m - 4 scrolls of identify
 p - 3 scrolls of amnesia
 s - 2 scrolls of enchant armour
 w - a scroll of magic mapping
 C - a scroll of vulnerability
Potions
 j - a potion of flight
 u - 2 potions of brilliance
Comestibles
 g - 9 rations
 o - 2 chunks of flesh


   Skills:
 + Level 5.0 Fighting
 * Level 5.9 Short Blades
 + Level 4.3 Throwing
 * Level 5.5 Dodging
 + Level 6.7 Stealth


You had 8 spell levels left.
You didn't know any spells.
Your spell library was empty.

Dungeon Overview and Level Annotations

Branches:
Dungeon (7/15)             Temple (1/1) D:4

Altars:
Ashenzari
Cheibriados
Dithmenos
Elyvilon
Makhleb
Nemelex Xobeh
Okawaru
Qazlal
Ru
Trog
Vehumet
Wu Jian
Xom
Yredelemnul
Zin
The Shining One

Shops:
D:5 *


Innate Abilities, Weirdness & Mutations

Your body is rotting away.
You thrive on raw meat.
You are immune to poison.
You have sharp fingernails.
You are carnivorous and can eat meat at any time.
Your flesh is cold resistant. (rC+)
You are immune to negative energy. (rN+++)
You do not regenerate when monsters are visible.
You are immune to unholy pain and torment.
You can survive without breathing.


Message History

The jelly is severely wounded.
You hit the jelly but do no damage. The acid corrodes you!
Your claws burn!
The jelly is severely wounded.
The jelly hits you.
You are splashed with acid!
* * * LOW HITPOINT WARNING * * *
You hit the jelly but do no damage.
Your claws burn!
* * * LOW HITPOINT WARNING * * *
The jelly is severely wounded.
You hit the jelly but do no damage.
Your claws burn!
* * * LOW HITPOINT WARNING * * *
The jelly is severely wounded.
The jelly hits you.
* * * LOW HITPOINT WARNING * * *
You are splashed with acid.
* * * LOW HITPOINT WARNING * * *
You feel protected. The jelly hits you.
* * * LOW HITPOINT WARNING * * *
The acid corrodes you!
You are splashed with acid.
You resist.
You die...

###.##### ##....##.## ###
###..#..#...## ###.#
##.#..#..#....###...###
####..............#......#
##......................###
#...#..#...##..........##
##.###.#..............####
....##.........J@.##..#..###
..###..............#..#....#
...#......###..............#
...[..#....>.........#.....#
.....<##.............#..>###
......#..................#
......###...............##
....÷))##...#........####
.......###.##.......(.#.##


You could see a jelly.

Vanquished Creatures
  An orc warrior (D:6)
  A phantom (D:6)
  An ogre (D:4)
  A sky beast (D:6)
  A centaur (D:5)
  A big kobold (Sewer)
  3 bullfrogs
  A wight (D:6)
  A crimson imp (D:3)
  A bullfrog zombie (D:5)
  A gnoll shaman (D:5)
  A hound (D:5)
  2 jellies
  2 orc priests (D:6)
  6 orc wizards
  A bullfrog skeleton (D:5)
  A centaur skeleton (D:4)
  2 worker ants
  Natasha (thrice) (D:2)
  A hound zombie (D:3)
  A hound skeleton (D:3)
  11 gnolls
  A howler monkey skeleton (D:5)
  5 river rats
  11 adders
  2 oozes (D:2)
  2 adder zombies
  2 adder skeletons
  2 worms (D:3)
  2 dart slugs
  7 leopard geckos
  22 orcs
  7 bats
  6 giant cockroaches
  4 hobgoblins
  7 jackals
  3 quokkas
  9 ball pythons
  4 frilled lizards
  8 goblins
  24 kobolds
  2 quokka skeletons
  31 rats
205 creatures vanquished.

Notes
Turn   | Place    | Note
-------+----------+-------------------------------------------
     0 | D:1      | Borgoz the Ghoul Assassin began the quest for the Orb.
     0 | D:1      | Reached XP level 1. HP: 17/17 MP: 0/0
     3 | D:1      | Reached skill level 1 in Dodging
   263 | D:1      | Reached XP level 2. HP: 23/24 MP: 1/1
  1023 | D:2      | Reached XP level 3. HP: 23/28 MP: 2/2
  1301 | D:2      | Noticed Natasha
  1325 | D:2      | Killed Natasha
  1325 | D:2      | Reached XP level 4. HP: 24/37 MP: 3/3
  1375 | D:2      | Noticed Natasha
  1387 | D:2      | Killed Natasha
  1409 | D:2      | Found a sacrificial altar of Ru.
  1428 | D:2      | Reached XP level 5. HP: 43/44 MP: 4/4
  1748 | D:2      | Noticed Natasha
  1767 | D:2      | Killed Natasha
  1836 | D:3      | HP: 2/45 [something/puff of flame (7)]
  1838 | D:3      | Reached skill level 5 in Stealth
  1838 | D:3      | Reached XP level 6. HP: 2/51 MP: 5/5
  2494 | D:3      | Found a glowing drain.
  2524 | Sewer    | Entered a sewer
  2860 | Sewer    | Reached XP level 7. HP: 19/56 MP: 6/6
  3293 | D:3      | Found a shadowy altar of Dithmenos.
  3309 | D:3      | Became a worshipper of Dithmenos the Shadowed
  3801 | D:4      | Found a staircase to the Ecumenical Temple.
  3813 | Temple   | Entered the Ecumenical Temple
  4060 | D:4      | Found a stormy altar of Qazlal.
  4206 | D:5      | Entered Level 5 of the Dungeon
  4389 | D:5      | Found Xaomn's Elemental Accessories.
  4520 | D:5      | Reached XP level 8. HP: 26/66 MP: 7/7
  4866 | D:4      | Reached * piety under Dithmenos
  5445 | D:5      | Found a glowing silver altar of Zin.
  5446 | D:5      | Found a glowing golden altar of the Shining One.
  5447 | D:5      | Found a white marble altar of Elyvilon.
  5519 | D:5      | Reached skill level 6 in Stealth
  5668 | D:5      | Reached skill level 5 in Short Blades
  6469 | D:5      | Reached skill level 5 in Dodging
  6775 | D:6      | Reached XP level 9. HP: 31/73 MP: 8/8
  7110 | D:6      | Reached ** piety under Dithmenos
  7215 | D:6      | Reached skill level 5 in Fighting
  7637 | D:6      | HP: 3/74 [jelly (2)]
  7637 | D:6      | Splashed by a jelly's acid

Skill      XL: |  1  2  3  4  5  6  7  8  9 |
---------------+----------------------------+-----
Dodging        | 1 2 3 4 5 |  5.5
Short Blades   | 2 3 4 5 |  5.9
Throwing       | 2 3 4 |  4.3
Fighting       | 3 4 5 |  5.0
Stealth        | 5 6 |  6.7

Action                   |  1- 3 |  4- 6 |  7- 9 || total
-------------------------+-------+-------+-------++-------
Melee: Dagger            |   115 |   431 |   863 ||  1409
 Fire: Blowgun           |       |       |    14 ||    14
  Use: Potion            |     1 |     4 |    21 ||    26
       Scroll            |       |     5 |     6 ||    11
 Stab: Sleeping          |     9 |     4 |    10 ||    23
       Paralysed         |       |     1 |       ||     1
  Eat: Chunk             |     5 |    28 |    63 ||    96
Armor: Robe              |    30 |    48 |    53 ||   131
Dodge: Dodged            |    65 |   229 |   403 ||   697
